 Dungeon Crawl Stone Soup version 0.28-a0-851-g8b9cc49 (webtiles) character file.

Game seed: 10478824784007192332

12762 Meow the Covert (level 11, 7/108 HPs)
             Began as a Naga Ice Elementalist on Nov 14, 2021.
             Quit the game on level 11 of the Dungeon.
             The game lasted 00:48:34 (12495 turns).

Meow the Covert (Naga Ice Elementalist)            Turns: 12495, Time: 00:48:35

Health: 7/108      AC: 18    Str: 10    XL:     11   Next: 98%
Magic:  24/32      EV:  7    Int: 19    God:
Gold:   723        SH:  6    Dex: 12    Spells: 10/26 levels left

rFire   . . .      SeeInvis +   b - +0 war axe (vorpal)
rCold   + . .      Faith    .   B - +2 buckler
rNeg    . . .      Spirit   .   K - +1 leather armour {rC+}
rPois   +          Reflect  .   c - +0 helmet
rElec   .          Harm     .   E - +0 cloak
rCorr   .          Rampage  .   (no gloves)
Will    +....                   U - +0 barding
Stlth   +++++.....              h - amulet of the acrobat
HPRegen 0.28/turn               I - ring of wizardry
MPRegen 0.23/turn               l - ring of magical power

@: ice-armoured, freezing walls, studying Armour, very slow
A: AC +3, large, see invisible, deformed body, poison resistance, slowness 2,
spit poison 1, naga tail 1
a: Spit Poison


You were on level 11 of the Dungeon.
You visited 2 branches of the dungeon, and saw 12 of its levels.
You also visited: Ossuary and Bailey.

You collected 723 gold pieces.

Inventory:

Hand Weapons
 a - a +2 shortbow of flaming
 b - a +0 vorpal war axe (weapon)
Missiles
 i - 163 stones (quivered)
 n - 75 sling bullets
 p - 39 poisoned darts
 q - 274 arrows
 z - 85 bolts
 L - 19 javelins
 Q - a throwing net
Armour
 c - a +0 helmet (worn)
 B - a +2 buckler (worn)
 E - a +0 cloak (worn)
 K - a +1 leather armour of cold resistance (worn)
 U - a +0 barding (worn)
 X - a +0 kite shield
Jewellery
 d - a ring of positive energy
 g - a ring of resist corrosion
 h - an amulet of the acrobat (around neck)
 k - a +6 ring of intelligence
 l - a ring of magical power (right hand)
 m - a ring of fire
 y - the ring of Wuinkio {rC+ rCorr Str+6}
   (You took it off a kobold on level 4 of the Dungeon)

   [ring of resist corrosion]

   Str:       It affects your strength (+6).
   rC:        It protects you from cold.
   rCorr:     It protects you from acid and corrosion.
 I - a ring of wizardry (left hand)
 N - a +4 ring of evasion
 O - a +4 ring of evasion
 P - a ring of positive energy
Wands
 D - a wand of polymorph (13)
 M - a wand of flame (18)
Scrolls
 e - a scroll of fog
 o - 3 scrolls of enchant armour
 r - 4 scrolls of teleportation
 s - 2 scrolls of amnesia
 u - 2 scrolls of fear
 v - 2 scrolls of magic mapping {unknown}
 x - a scroll of torment {unknown}
 C - 3 scrolls of enchant weapon {unknown}
 F - a scroll of brand weapon {unknown}
 G - a scroll of summoning
 H - 3 scrolls of blinking {unknown}
 W - a scroll of acquirement
Potions
 f - 6 potions of curing
 j - a potion of flight
 t - 2 potions of attraction
 w - a potion of might
 A - 2 potions of degeneration
 J - a potion of berserk rage
 R - 2 potions of lignification
 S - a potion of haste
 V - a potion of cancellation {unknown}
 Y - a potion of resistance {unknown}
Miscellaneous
 T - a lightning rod (4/4)


   Skills:
 + Level 9.7 Fighting
 - Level 0.2 Axes
 - Level 1.5 Dodging
 - Level 12.0 Stealth
 * Level 3.0 Shields
 - Level 8.0 Spellcasting
 - Level 6.0 Conjurations
 + Level 10.1 Ice Magic


You had 10 spell levels left.
You knew the following spells:

 Your Spells              Type           Power      Damage    Failure   Level
a - Freeze                Ice            100%       1d11      1%          1
b - Hailstorm             Conj/Ice       38%        3d9       1%          4
e - Ozocubu's Armour      Ice            45%        N/A       1%          3
f - Frozen Ramparts       Ice            90%        1d11      1%          3
F - Freezing Cloud        Conj/Ice/Air   14%        6-21      16%         5

Your spell library contained the following spells:

 Spells                   Type           Power      Damage    Failure   Level
 Ensorcelled Hibernation  Hex/Ice        52%        N/A       1%          2
 Inner Flame              Hex/Fire       7%         N/A       16%         3
 Cause Fear               Hex            3%         N/A       43%         4
 Ozocubu's Refrigeration  Ice            22%        4d9       52%         7
 Simulacrum               Ice/Necr       13%        N/A       65%         6
 Polar Vortex             Ice            22%        N/A       100%        9


Dungeon Overview and Level Annotations

Branches:
Dungeon (11/15)            Temple (1/1) D:4            Lair (0/6) D:11
Ossuary (visited)          Bailey (visited)
    Orc: D:9-12

Altars:
Ashenzari
Cheibriados
Dithmenos
Elyvilon
Fedhas
Hepliaklqana
Kikubaaqudgha
Makhleb
Nemelex Xobeh
Okawaru
Qazlal
Ru
Sif Muna
Trog
Uskayaw
Vehumet
Wu Jian
Xom
Yredelemnul
Zin
The Shining One

Shops:
D:8 *(

Annotations:
D:7 Menkaure
D:11 1 runed translucent door, Caerwyn's ghost, journeyman KoBr


Innate Abilities, Weirdness & Mutations

Your serpentine skin is tough. (AC +3)
You have supernaturally acute eyesight. (SInv)
Armour fits poorly on your strangely shaped body.
Your system is resistant to poisons. (rPois)
You cover ground very slowly.
You can spit poison.
You have a snake-like lower body.


Message History

Unknown command.
Unknown command.
Okay, then.
Unknown command.
As you read the scroll of fear, it crumbles to dust.
You assume a fearsome visage.
The troll looks frightened!
The wyvern looks frightened!
The two-headed ogre looks frightened!
The wall freezes the wyvern.
Your attack snaps the wyvern out of its fear.
The two-headed ogre cries, "Help!"
The wall freezes the troll!
Your attack snaps the troll out of its fear.
The troll bites you!
* * * LOW HITPOINT WARNING * * *
The troll claws you.
* * * LOW HITPOINT WARNING * * *
The troll claws you.
* * * LOW HITPOINT WARNING * * *
Unknown command.
Okay, then.
Unknown command.
As you read the scroll of fear, it crumbles to dust.
You assume a fearsome visage.
The troll easily resists.
The wyvern looks frightened!
The wall freezes the troll.
The troll bites you.
* * * LOW HITPOINT WARNING * * *
The troll claws you but does no damage. The troll claws you!
* * * LOW HITPOINT WARNING * * *
Unknown command.
You slash the troll!
The troll is severely wounded.
The wall freezes the troll.
The troll bites you but does no damage.
The troll claws you but does no damage. x2
Unknown command.
You hit the troll.
The troll is almost dead.
The wall freezes the troll.
You kill the troll!
Your Shields skill increases to level 3!
Unknown command.
Are you sure you want to abandon this character and quit the game? (Confirm with "yes".)

.........:....##.#.#
............$......
...[.......>O#.#.#
......$......#...#
.................#
.................#
...........##...<#
...........##....#.#.#
..#####@...#....†....#
#....#.###...#.#
#....#.#.....# #
#....#.#.##..#.#
#....#.#.###+#'##
#....#.#........#
#....#'#........#
##..............#
#..............#


You could see a two-headed ogre (fleeing).

Vanquished Creatures
  A centaur warrior (D:10)
  4 two-headed ogres
  A gargoyle (D:10)
  2 kobold demonologists
  3 trolls
  A hornet (D:10)
  Prince Ribbit (D:8)
  A shadow (D:11)
  3 wyverns
  2 wraiths
  6 yaks
  2 acid dragons
  A water moccasin (D:7)
  A hornet zombie (D:8)
  13 orc warriors
  A black bear (D:5)
  A necrophage (D:5)
  3 ogres (D:5)
  11 centaurs
  3 kobold brigands
  A bullfrog (D:7)
  3 gnoll sergeants
  8 scorpions
  3 water moccasin skeletons
  10 killer bees
  5 wights
  2 electric eels (D:9)
  7 howler monkeys
  3 centaur zombies
  A centaur skeleton (D:5)
  A jelly (D:6)
  2 gnoll shamans
  3 orc priests
  5 hounds
  An iron imp (D:4)
  5 iguanas
  A scorpion zombie (D:5)
  7 orc wizards
  A hound zombie (D:5)
  4 hound skeletons
  A mummy (Ossuary)
  A howler monkey zombie (D:9)
  14 adders
  10 gnolls
  2 adder skeletons
  A worm (D:4)
  A dart slug (D:3)
  36 orcs
  4 spectral bats (Ossuary)
  6 ball pythons
  6 bats
  3 bat simulacra (Ossuary)
  8 endoplasms
  7 giant cockroaches
  12 gnoll zombies (Ossuary)
  13 hobgoblins
  3 quokkas
  4 frilled lizards
  9 goblins
  3 goblin simulacra (Ossuary)
  3 goblin zombies (Ossuary)
  8 hobgoblin zombies (Ossuary)
  22 kobolds
  4 kobold simulacra (Ossuary)
  5 kobold zombies (Ossuary)
  2 orc zombies (Ossuary)
  2 rats (D:3)
  2 rat simulacra (Ossuary)
  A spectral goblin (Ossuary)
  3 spectral kobolds (Ossuary)
  5 spectral rats (Ossuary)
  4 butterflies (D:8)
339 creatures vanquished.

Vanquished Creatures (others)
  5 plants (D:9)
5 creatures vanquished.

Grand Total: 344 creatures vanquished

Notes
Turn   | Place    | Note
-------+----------+-------------------------------------------
     0 | D:1      | Meow the Naga Ice Elementalist began the quest for the Orb.
     0 | D:1      | Reached XP level 1. HP: 15/15 MP: 3/3
   336 | D:1      | Reached XP level 2. HP: 22/22 MP: 5/5
  1005 | D:2      | Reached XP level 3. HP: 28/28 MP: 4/6
  1061 | D:2      | Reached skill level 5 in Ice Magic
  1065 | D:2      | Learned a level 3 spell: Frozen Ramparts
  1206 | D:2      | Reached XP level 4. HP: 36/36 MP: 3/7
  1251 | D:2      | Found a blossoming altar of Fedhas.
  1719 | D:3      | Learned a level 3 spell: Ozocubu's Armour
  1794 | D:3      | Reached skill level 4 in Stealth
  2015 | D:3      | Found a glowing silver altar of Zin.
  2439 | D:3      | Reached XP level 5. HP: 42/42 MP: 9/9
  2447 | D:3      | Found a faded altar of an unknown god.
  2601 | D:4      | Found a sand-covered staircase.
  2607 | Ossuary  | Entered an ossuary
  2651 | Ossuary  | Reached skill level 5 in Stealth
  2759 | Ossuary  | Reached XP level 6. HP: 32/48 MP: 10/10
  3137 | D:4      | Identified the ring of Wuinkio {rC+ rCorr Str+6}
  3705 | D:4      | Learned a level 4 spell: Hailstorm
  3865 | D:4      | Found a snail-covered altar of Cheibriados.
  3947 | D:4      | Reached skill level 6 in Stealth
  4080 | D:4      | Reached skill level 1 in Shields
  4080 | D:4      | Reached XP level 7. HP: 55/55 MP: 12/12
  4132 | D:4      | Found a staircase to the Ecumenical Temple.
  4188 | Temple   | Entered the Ecumenical Temple
  4602 | D:5      | Entered Level 5 of the Dungeon
  4641 | D:5      | Noticed a two-headed ogre
  4834 | D:5      | Found a radiant altar of Vehumet.
  4845 | D:5      | Found a glowing golden altar of the Shining One.
  5127 | D:6      | Reached skill level 7 in Stealth
  5213 | D:6      | Reached XP level 8. HP: 46/62 MP: 14/14
  5845 | D:7      | Reached skill level 8 in Stealth
  5851 | D:7      | Reached skill level 5 in Spellcasting
  5953 | D:7      | Noticed Menkaure
  6082 | D:8      | Reached skill level 9 in Stealth
  6083 | D:8      | Found a runed translucent door.
  6114 | D:8      | Found a runed translucent door.
  6149 | D:8      | Noticed Prince Ribbit
  6193 | D:8      | Found a flagged portal.
  6194 | D:8      | Noticed a troll
  6294 | D:8      | Killed a troll
  6295 | D:8      | Reached XP level 9. HP: 30/68 MP: 16/17
  6471 | Bailey   | Entered a bailey
  6481 | Bailey   | Reached skill level 10 in Stealth
  6688 | Bailey   | Reached skill level 11 in Stealth
  6854 | Bailey   | Reached skill level 12 in Stealth
  6981 | Bailey   | Reached skill level 1 in Fighting
  7188 | Bailey   | Reached skill level 5 in Fighting
  7378 | Bailey   | Reached XP level 10. HP: 58/91 MP: 16/19
  7734 | Bailey   | Acquired Meow's Incunabulum of Feathery Beguiling
  7976 | Bailey   | Learned a level 5 spell: Freezing Cloud
  8232 | D:8      | Found Biloodwo's Weapon Shoppe.
  8258 | D:8      | Found Gagoq's General Store.
  8317 | D:8      | Reached skill level 1 in Conjurations
  8660 | D:8      | Found a broken altar of Ashenzari.
  8664 | D:8      | Noticed a two-headed ogre
  8685 | D:8      | Killed a two-headed ogre
  8791 | D:8      | Killed Prince Ribbit
  9403 | D:5      | Killed a two-headed ogre
  9404 | D:5      | Reached skill level 5 in Conjurations
  9746 | D:5      | Noticed a kobold demonologist
  9751 | D:5      | Killed a kobold demonologist
  9752 | D:5      | Reached XP level 11. HP: 100/102 MP: 20/21
 10142 | D:5      | Found a hazy altar of Hepliaklqana.
 10603 | D:9      | Noticed a two-headed ogre
 10780 | D:9      | Found an iron altar of Okawaru.
 11039 | D:9      | Found a shadowy altar of Dithmenos.
 11179 | D:9      | Killed a two-headed ogre
 11197 | D:9      | Found a large runed translucent door.
 11198 | D:9      | Found a large runed translucent door.
 11244 | D:9      | Found a white marble altar of Elyvilon.
 11384 | D:9      | Noticed a two-headed ogre
 11391 | D:9      | Killed a two-headed ogre
 11398 | D:9      | Found a sparkling altar of Nemelex Xobeh.
 11401 | D:9      | Found an ornate altar of the Wu Jian Council.
 11428 | D:10     | Entered Level 10 of the Dungeon
 11465 | D:10     | Noticed a centaur warrior
 11467 | D:10     | Found a runed translucent door.
 12174 | D:10     | Killed a centaur warrior
 12269 | D:11     | Found a runed translucent door.
 12272 | D:11     | Noticed Caerwyn's ghost (journeyman KoBr)
 12272 | D:11     | Noticed a spriggan rider
 12291 | D:11     | Reached skill level 10 in Ice Magic
 12465 | D:11     | Found a staircase to the Lair.
 12484 | D:11     | Noticed a two-headed ogre
 12495 | D:11     | Quit the game

Illustrated notes

Levels and vault maps discovered:
D:1:      dpeg_arrival_radiant, layout_basic, minivault_4
D:2:      cheibrodos_greedy_goblins, layout_basic, basic_altar
D:3:      layout_basic, mainiacjoe_overflow_alcove_1,
          chequers_ecumenical_altar_lobes
D:4:      layout_gridville, slow_altar_1, minmay_temple_entry_antechambers,
          nicolae_ossuary_entry_monument, minmay_strange_pillars,
          minmay_diced_spiral
D:5:      kennysheep_windowed_halls, layout_basic,
          mainiacjoe_overflow_tiny_flanked, amcnicky_altar_gilded,
          general_overflow_altar
D:6:      layout_cave_pools, serial_rivers, chequers_serial_rivers_micro_d,
          chequers_serial_rivers_small_b, chequers_serial_rivers_small_b,
          chequers_serial_rivers_micro_b, minmay_bent
D:7:      layout_basic, mainiacjoe_overflow_small_starburst, uniq_menkaure
D:8:      lemuel_insect_pit, layout_gridville,
          mainiacjoe_overflow_concentric_impassable, serial_shops,
          nicolae_square_shop, shop, enter_bailey_3, skrybe_limestone_x,
          uniq_prince_ribbit1
D:9:      layout_loops_ring, okawaru_trees_1, nicolae_elyvilon_temple_path,
          grunt_dithmenos_smoke, jmf_multi_god_temple2
D:10:     layout_rooms, minmay_st_funbox
D:11:     layout_basic, lair_entry_dummy, ebering_ghost_funeral_grove,
          uniq_snorg, uniq_erica
Temple:   zaba_magenta_temple

Skill      XL: |  1  2  3  4  5  6  7  8  9 10 11 |
---------------+----------------------------------+-----
Ice Magic      | 5 6 7 8 10 | 10.1
Stealth        | 4 5 6 7 9 12 | 12.0
Spellcasting   | 3 4 5 6 7 8 |  8.0
Shields        | 1 2 3 |  3.0
Fighting       | 5 7 9 |  9.7
Conjurations   | 5 6 |  6.0
Axes           | |  0.2
Dodging        | |  1.5

Action                   |  1- 3 |  4- 6 |  7- 9 | 10-12 || total
-------------------------+-------+-------+-------+-------++-------
Melee: War axe           |     7 |   185 |    97 |   194 ||   483
 Fire: Shortbow          |       |       |     1 |       ||     1
Throw: Stone             |       |       |       |     4 ||     4
 Cast: Freeze            |    11 |    12 |     7 |    17 ||    47
       Frozen Ramparts   |     1 |    12 |    37 |    43 ||    93
       Ozocubu's Armour  |       |     3 |    11 |    26 ||    40
       Hailstorm         |       |       |    29 |    32 ||    61
       Freezing Cloud    |       |       |       |     1 ||     1
 Abil: Spit Poison       |    31 |    21 |    50 |    11 ||   113
Evoke: Wand              |       |       |       |     1 ||     1
  Use: Scroll            |       |     2 |     6 |     9 ||    17
 Stab: Sleeping          |       |    13 |       |     6 ||    19
Armor: Robe              |     5 |    65 |    24 |       ||    94
       Leather armour    |       |       |    31 |   156 ||   187
Dodge: Dodged            |    12 |   122 |   113 |   129 ||   376
Block: Buckler           |       |       |    43 |   110 ||   153

Table legend: (Time is in decaauts)
 A = Elapsed time spent in this place.
 B = Non-inter-level travel time spent in this place.
 C = Inter-level travel time spent in this place.
 D = Time resting spent in this place.
 E = Time spent auto-exploring this place.
 F = Levels seen in this place.
 G = Mean time per level.
                   A        B        C        D        E       F      G
               +--------+--------+--------+--------+--------+-----+--------+
         Total |  16181 |  15009 |   1172 |   2639 |   8906 |  14 | 1155.8 |
       Dungeon |  13537 |  12390 |   1147 |   1933 |   7954 |  11 | 1230.6 |
        Temple |    102 |     77 |     25 |      0 |     70 |   1 |  102.0 |
       Ossuary |    689 |    689 |      0 |     93 |    200 |   1 |  689.0 |
        Bailey |   1851 |   1851 |      0 |    612 |    682 |   1 | 1851.0 |
               +--------+--------+--------+--------+--------+-----+--------+

Top non-repeatable levels by time:
     D:8: 2133 daAuts
     D:4: 2051 daAuts
  Bailey: 1851 daAuts
     D:5: 1646 daAuts
     D:1: 1307 daAuts
     D:3: 1139 daAuts
     D:9: 1111 daAuts
     D:6: 1092 daAuts
    D:10: 1019 daAuts
     D:2: 1000 daAuts
     D:7: 726 daAuts
 Ossuary: 689 daAuts
    D:11: 308 daAuts
  Temple: 102 daAuts
